Crazy game

Match 21089553
End
Selects Special Operations Battlegroup
Construct Weapon Support Center
Selects M29 Weasel Recon Vehicle
M29 Weasel Recon Vehicle
M1919 Machine Gun Team
Sniper
Mechanized Support Center
M1919 Machine Gun Team
Selects Raiding Flares
Raiding Flares
Construct Motor Pool
M8 Greyhound Armored Car
Improvised Armor
Engineer Squad
Engineer Squad
Construct Tank Depot
Selects P-47 Anti-Infantry Loiter
P-47 Anti-Infantry Loiter
M18 Hellcat Tank Destroyer
M4(105) Sherman Bulldozer
Raiding Flares
P-47 Anti-Infantry Loiter
M4(105) Sherman Bulldozer
Selects M4A1 Sherman Whizbang
M4A1 Sherman Whizbang
Raiding Flares
Shoulder Guy
ChaBoi
Pinhead Larry
Adult Asthma Is A Choice
Lightning
ValiantHawk
Cheeki Bяeeki
Hunter dak 4v4 player
0
0

Comments sign in to comment!

No comments posted yet!